[Event "ROU-chT Women Superliga 2018"]
[Site "Sovata"]
[Date "2018.12.01"]
[Round "7"]
[White "L'Ami, Alina"]
[Black "Anton, Ana-Roxana"]
[Result "1-0"]
[ECO "E46"]
[WhiteElo "2285"]
[BlackElo "1860"]
[Annotator "NA"]
[PlyCount "69"]
[EventDate "2018.11.24"]
[EventType "team-tourn"]
[EventCountry "ROU"]
[SourceTitle "playchess.com"]
[Source "ChessBase"]
[SourceQuality "1"]
[TimeControl "40/5400+30:1800+30"]

1. d4 Nf6 2. c4 e6 3. Nc3 Bb4 4. e3 O-O 5. Nge2 Re8 {[%emt 0:04:26] E46: Nimzo-Indian: Rubinstein: 4 e3 0-0 5 Ne2 without early Bd3} 6. a3 Bxc3+ (6... Bf8 7. d5 d6 8. g3 exd5 9. cxd5 c5 10. Bg2 Nbd7 11. O-O c4 12. Nd4 Nc5 13. Qe2 Nd3 14. b3 Nxc1 15. Rfxc1 cxb3 {½-½ (74) Caruana,F (2822)-So,W (2780) Saint Louis 2018}) 7. Nxc3 d6 8. Be2 $146 ({Predecessor:} 8. Bd3 c6 9. O-O e5 10. d5 e4 11. Bc2 Bf5 12. f4 Qe7 13. b4 Na6 14. Ba4 Bd7 15. dxc6 bxc6 16. Ne2 Rac8 17. Bb2 Nc7 {½-½ (49) Pankov,G-Ballo,H St Petersburg 2002}) 8... Nbd7 9. O-O e5 10. d5 a5 11. e4 h6 12. Be3 b6 13. b4 Qe7 14. Qc2 Nf8 15. c5 bxc5 16. bxc5 Ng4 17. Bxg4 Bxg4 18. Nb5 Rec8 19. f3 Bh5 20. c6 Bg6 21. Rab1 Nh7 22. g4 h5 23. h3 Qh4 $16 24. Qg2 Ng5 25. Bxg5 Qxg5 26. a4 Qe3+ 27. Qf2 Qd3 28. Rb2 Qc4 29. Qc2 Qxc2 30. Rxc2 f6 31. Rb2 Bf7 32. Na3 Kh7 33. Rb7 Kh6 34. Nb5 Rab8 35. Nxc7 1-0

[Event "ROU-chT Women Superliga 2018"]
[Site "Sovata"]
[Date "2018.12.01"]
[Round "7"]
[White "Raeva, Elitsa"]
[Black "Ciungan, Diana-Alexandra"]
[Result "1-0"]
[ECO "A13"]
[WhiteElo "2253"]
[BlackElo "1863"]
[Annotator "NA"]
[PlyCount "43"]
[EventDate "2018.11.24"]
[EventType "team-tourn"]
[EventCountry "ROU"]
[SourceTitle "playchess.com"]
[Source "ChessBase"]
[SourceQuality "1"]
[TimeControl "40/5400+30:1800+30"]

1. Nf3 d5 2. c4 e6 3. g3 c6 4. Bg2 f5 5. O-O Nf6 6. Qc2 Bd6 7. d3 O-O 8. Nbd2 f4 9. d4 Nbd7 10. e4 fxe3 11. fxe3 Qe8 12. e4 Qg6 13. Nh4 Qg4 14. cxd5 exd5 15. Nf5 Bb4 16. e5 Ne8 17. h3 Qg6 18. g4 Qe6 19. Nf3 h6 20. a3 Ba5 21. N3h4 c5 22. Bxd5 1-0

[Event "ROU-chT Women Superliga 2018"]
[Site "Sovata"]
[Date "2018.12.01"]
[Round "7"]
[White "Cosman, Andreea-Marioara"]
[Black "Dragomirescu, Angela"]
[Result "1-0"]
[ECO "A40"]
[WhiteElo "2176"]
[BlackElo "2275"]
[Annotator "NA"]
[PlyCount "91"]
[EventDate "2018.11.24"]
[EventType "team-tourn"]
[EventCountry "ROU"]
[SourceTitle "playchess.com"]
[Source "ChessBase"]
[SourceQuality "1"]
[TimeControl "40/5400+30:1800+30"]

1. d4 g6 2. c4 Bg7 3. e4 d6 4. Nc3 e5 5. Be3 Ne7 6. dxe5 dxe5 7. Qxd8+ Kxd8 8. O-O-O+ Bd7 9. g3 Kc8 10. Nf3 f6 11. Nd2 Nbc6 12. Nb3 Bg4 13. Rd2 b6 14. Be2 Be6 15. Rhd1 Kb7 16. Nd5 h5 17. c5 Raf8 18. Kb1 f5 19. Bg5 Nc8 20. cxb6 axb6 21. Rc1 Rf7 22. Bc4 Re8 23. f3 fxe4 24. fxe4 N8a7 25. a4 Nd4 26. Nxd4 exd4 27. a5 b5 28. Bf1 c6 29. Nf4 Bg4 30. Bg2 Bh8 31. Nxg6 Rg8 32. Nxh8 Rxh8 33. Rxd4 Rf2 34. Rc2 Rhf8 35. Bf4 Rxc2 36. Kxc2 h4 37. e5 hxg3 38. hxg3 Ka6 39. b4 Rh8 40. Be4 Rh2+ 41. Kc3 Ra2 42. Rd6 Ra3+ 43. Kb2 Ra4 44. Bd2 Nc8 45. Rxc6+ Ka7 46. Rc7+ 1-0

[Event "ROU-chT Women Superliga 2018"]
[Site "Sovata"]
[Date "2018.12.01"]
[Round "7"]
[White "Visanescu, Daria-Ioana"]
[Black "Cristocea, Gabriela"]
[Result "1-0"]
[ECO "C03"]
[WhiteElo "2096"]
[BlackElo "1843"]
[Annotator "NA"]
[PlyCount "47"]
[EventDate "2018.11.24"]
[EventType "team-tourn"]
[EventCountry "ROU"]
[SourceTitle "playchess.com"]
[Source "ChessBase"]
[SourceQuality "1"]
[TimeControl "40/5400+30:1800+30"]

1. e4 e6 2. d4 d5 3. Nd2 Nc6 4. c3 e5 5. Ngf3 exd4 6. cxd4 dxe4 7. Nxe4 Qe7 8. Qe2 Bf5 9. Ng3 Nb4 10. Nxf5 Nc2+ 11. Kd1 Qxe2+ 12. Bxe2 Nxa1 13. b3 g6 14. Ng3 Bg7 15. Bb2 Nxb3 16. axb3 O-O-O 17. Kc2 h6 18. Ne5 Rf8 19. Bc4 Bxe5 20. dxe5 Rh7 21. Ne4 Rd8 22. e6 fxe6 23. Bxe6+ Kb8 24. Bxg8 1-0

[Event "ROU-chT Women Superliga 2018"]
[Site "Sovata"]
[Date "2018.12.01"]
[Round "7"]
[White "Baciu, Anca-Otilia"]
[Black "Popa, Catalina-Elena"]
[Result "1-0"]
[ECO "B84"]
[WhiteElo "1998"]
[BlackElo "1746"]
[Annotator "NA"]
[PlyCount "57"]
[EventDate "2018.11.24"]
[EventType "team-tourn"]
[EventCountry "ROU"]
[SourceTitle "playchess.com"]
[Source "ChessBase"]
[SourceQuality "1"]
[TimeControl "40/5400+30:1800+30"]

1. e4 c5 2. Nf3 e6 3. d4 cxd4 4. Nxd4 Nf6 5. Nc3 d6 6. Be2 a6 7. f4 Be7 8. O-O Nbd7 9. Kh1 h5 10. Bf3 Rb8 11. Qe1 Qc7 12. Be3 b5 13. a3 Bb7 14. Qg3 Nc5 15. e5 Bxf3 16. exf6 Bxg2+ 17. Qxg2 Bxf6 18. f5 b4 19. Ne4 Nxe4 20. Qxe4 d5 21. Qg2 e5 22. Rae1 Qd7 23. Bf4 O-O 24. Bxe5 Bxe5 25. Rxe5 bxa3 26. bxa3 Qd6 27. f6 g6 28. Rxh5 Qxa3 29. Qg5 1-0

[Event "ROU-chT Women Superliga 2018"]
[Site "Sovata"]
[Date "2018.12.01"]
[Round "7"]
[White "Bucur, Denisa-Andreea"]
[Black "Bulmaga, Irina"]
[Result "0-1"]
[ECO "D37"]
[WhiteElo "1997"]
[BlackElo "2391"]
[Annotator "ChessBase"]
[PlyCount "96"]
[EventDate "2018.11.24"]
[EventType "team-tourn"]
[EventCountry "ROU"]
[SourceTitle "playchess.com"]
[Source "ChessBase"]
[SourceQuality "1"]
[TimeControl "40/5400+30:1800+30"]

1. d4 Nf6 2. Nf3 e6 3. c4 d5 4. Nc3 Nbd7 5. c5 b6 6. c6 Nb8 7. Qa4 Ne4 8. Bf4 Nxc3 9. bxc3 Bd6 10. Bd2 O-O 11. c4 a6 12. e3 dxc4 13. Bxc4 Qe8 14. d5 b5 15. Bxb5 exd5 16. Rc1 Bf5 17. Be2 Be4 18. O-O a5 19. Nd4 Na6 20. f3 Bg6 21. Bxa6 Rxa6 22. Qb5 Ra8 23. Qxd5 Bb4 24. Bxb4 Qxe3+ 25. Kh1 axb4 26. Nc2 Qc3 27. Qb3 Qxb3 28. axb3 Bxc2 29. Rxc2 Ra3 30. Rb1 Rd8 31. h3 g6 32. Rc4 Rb8 33. Kh2 Rb5 34. Rb2 Kf8 35. Kg3 h5 36. Kf4 g5+ 37. Ke3 Ke7 38. Rd4 Rc5 39. Rd7+ Ke6 40. Rxc7 Rc3+ 41. Kd4 Ra1 42. Re2+ Kf6 43. Rb7 Rd1+ 44. Ke4 Rxc6 45. Ke3 Rc3+ 46. Kf2 Rxb3 47. Kg3 h4+ 48. Kg4 Kg6 0-1

[Event "ROU-chT Women Superliga 2018"]
[Site "Sovata"]
[Date "2018.12.01"]
[Round "7"]
[White "Aciu, Malina-Andreea"]
[Black "Panainte, Andreea-Bianca"]
[Result "1/2-1/2"]
[ECO "C07"]
[WhiteElo "1995"]
[BlackElo "1880"]
[Annotator "NA"]
[PlyCount "85"]
[EventDate "2018.11.24"]
[EventType "team-tourn"]
[EventCountry "ROU"]
[SourceTitle "playchess.com"]
[Source "ChessBase"]
[SourceQuality "1"]
[TimeControl "40/5400+30:1800+30"]

1. e4 e6 2. d4 d5 3. Nd2 c5 4. exd5 Qxd5 5. Ngf3 cxd4 6. Bc4 Qd7 7. O-O Nf6 8. Nb3 Nc6 9. Nbxd4 Nxd4 10. Nxd4 a6 11. Re1 b5 12. Bb3 Bb7 13. c3 Bc5 14. Be3 O-O 15. Qe2 Be7 16. Red1 Bd5 17. Bg5 Qb7 18. Bxd5 Qxd5 19. Nf3 Qb7 20. Rd4 h6 21. Bh4 Rad8 22. Rad1 Rxd4 23. Rxd4 Rd8 24. Qd3 Rxd4 25. Qxd4 Nd5 26. Bxe7 Qxe7 27. h3 Qc7 28. Ne5 f6 29. Nd3 Kf7 30. a4 Nb6 31. axb5 axb5 32. Nb4 Na4 33. Qd2 Ke7 34. Qe2 Qc4 35. Qc2 f5 36. f3 Qc5+ 37. Kh1 Qe3 38. Nc6+ Kf6 39. Nd4 Qe1+ 40. Kh2 Qe5+ 41. Kh1 Qe1+ 42. Kh2 Qe5+ 43. Kh1 1/2-1/2

[Event "ROU-chT Women Superliga 2018"]
[Site "Sovata"]
[Date "2018.12.01"]
[Round "7"]
[White "Firaru, Roxana-Maria"]
[Black "Ionica, Iulia-Ionela"]
[Result "1/2-1/2"]
[ECO "B01"]
[WhiteElo "1943"]
[BlackElo "2139"]
[Annotator "NA"]
[PlyCount "32"]
[EventDate "2018.11.24"]
[EventType "team-tourn"]
[EventCountry "ROU"]
[SourceTitle "playchess.com"]
[Source "ChessBase"]
[SourceQuality "1"]
[TimeControl "40/5400+30:1800+30"]

1. e4 d5 2. exd5 Nf6 3. Nc3 Nxd5 4. d4 g6 5. Nf3 Bg7 6. Be2 c6 7. O-O Nd7 8. Re1 O-O 9. Nxd5 cxd5 10. c3 Nf6 11. Bd3 b6 12. Ne5 Bb7 13. f3 Nd7 14. Bf4 Nxe5 15. Bxe5 f6 16. Bg3 Qd7 1/2-1/2

[Event "ROU-chT Women Superliga 2018"]
[Site "Sovata"]
[Date "2018.12.01"]
[Round "7"]
[White "Nastase, Andreea-Cristina"]
[Black "Patru, Alexandra-Ioana"]
[Result "1-0"]
[ECO "D35"]
[WhiteElo "1900"]
[BlackElo "1686"]
[Annotator "NA"]
[PlyCount "119"]
[EventDate "2018.11.24"]
[EventType "team-tourn"]
[EventCountry "ROU"]
[SourceTitle "playchess.com"]
[Source "ChessBase"]
[SourceQuality "1"]
[TimeControl "40/5400+30:1800+30"]

1. d4 d5 2. c4 e6 3. Nc3 Nf6 4. cxd5 exd5 5. Bg5 Nbd7 6. e3 c6 7. Bd3 Be7 8. Nf3 Nh5 9. Bxe7 Qxe7 10. O-O O-O 11. Ne5 g6 12. Nxd7 Bxd7 13. e4 Nf4 14. Qf3 Nxd3 15. Qxd3 dxe4 16. Qxe4 Qb4 17. Qd3 Bf5 18. Qd2 Rad8 19. Rad1 Rd7 20. Ne2 Qxd2 21. Rxd2 Rfd8 22. Rfd1 Be6 23. Nc3 Bd5 24. f3 Re7 25. Kf2 Kg7 26. b3 f5 27. Re2 Rxe2+ 28. Nxe2 g5 29. Nc3 h5 30. h4 g4 31. Ne2 Kf6 32. Rc1 Bf7 33. Rc5 Bg6 34. b4 a6 35. a4 Bf7 36. b5 axb5 37. axb5 Rd6 38. bxc6 bxc6 39. Ng3 Bg6 40. Ke3 gxf3 41. gxf3 f4+ 42. Kxf4 Rxd4+ 43. Ne4+ Bxe4 44. fxe4 Rd1 45. Rxc6+ Kg7 46. Kg5 Re1 47. Rc7+ Kf8 48. Kf6 Rf1+ 49. Kg5 Re1 50. Rc4 Kg7 51. Kxh5 Rg1 52. Rc5 Kf7 53. Rf5+ Ke6 54. Rg5 Re1 55. Rg4 Ke5 56. Kg6 Rf1 57. h5 Rf6+ 58. Kg7 Ra6 59. h6 Ra7+ 60. Kg6 1-0

[Event "ROU-chT Women Superliga 2018"]
[Site "Sovata"]
[Date "2018.12.01"]
[Round "7"]
[White "Matasaru, Stephanie"]
[Black "Stanciu, Andreea-Briana"]
[Result "0-1"]
[ECO "B12"]
[WhiteElo "1859"]
[BlackElo "1953"]
[Annotator "NA"]
[PlyCount "96"]
[EventDate "2018.11.24"]
[EventType "team-tourn"]
[EventCountry "ROU"]
[SourceTitle "playchess.com"]
[Source "ChessBase"]
[SourceQuality "1"]
[TimeControl "40/5400+30:1800+30"]

1. e4 c6 2. d4 d5 3. e5 Bf5 4. h4 h5 5. Bg5 Qb6 6. Bd3 Bxd3 7. Qxd3 e6 8. Ne2 c5 9. dxc5 Bxc5 10. O-O Nc6 11. Bf4 Nge7 12. Nbc3 Ng6 13. Na4 Qb4 14. Nxc5 Nxf4 15. Nxf4 Qxf4 16. Nxb7 O-O 17. Nc5 Nxe5 18. Qh3 Ng4 19. Nd3 Qd6 20. f3 Ne3 21. Rf2 Rac8 22. c3 Rc4 23. Re1 d4 24. Qh2 Qxh2+ 25. Kxh2 Nf5 26. Re4 Rd8 27. Ne5 Rcc8 28. cxd4 Rxd4 29. Rxd4 Nxd4 30. Rd2 Rd8 31. Rd3 Rd5 32. Nc4 f6 33. Ra3 Rd7 34. Ra5 Nf5 35. b4 Nxh4 36. b5 Nf5 37. b6 axb6 38. Nxb6 Rd2 39. Nc4 Rc2 40. Ra4 h4 41. a3 Rc1 42. Kh3 Rh1+ 43. Kg4 Rh2 44. Kf4 Rxg2 45. Rb4 h3 46. Rb1 h2 47. Rh1 g5+ 48. Ke4 Ng3+ 0-1

[Event "ROU-chT Women Superliga 2018"]
[Site "Sovata"]
[Date "2018.12.01"]
[Round "7"]
[White "Rata, Anamaria"]
[Black "Ciolacu, Alessia-Mihaela"]
[Result "1/2-1/2"]
[ECO "C50"]
[WhiteElo "1803"]
[BlackElo "2061"]
[Annotator "NA"]
[PlyCount "117"]
[EventDate "2018.11.24"]
[EventType "team-tourn"]
[EventCountry "ROU"]
[SourceTitle "playchess.com"]
[Source "ChessBase"]
[SourceQuality "1"]
[TimeControl "40/5400+30:1800+30"]

1. e4 e5 2. Nf3 Nc6 3. Bc4 Be7 4. d4 exd4 5. Nxd4 d6 6. Nxc6 bxc6 7. Nc3 Nf6 8. O-O O-O 9. f4 Nd7 10. Be3 Bf6 11. Bd4 a5 12. e5 Be7 13. e6 fxe6 14. Bxe6+ Kh8 15. Ne4 d5 16. Ng3 Nc5 17. Bxc8 Qxc8 18. Nh5 Ne6 19. Qg4 Rf7 20. Be5 Bf6 21. Bxf6 gxf6 22. f5 Nc5 23. Qd4 Ne4 24. Rae1 Qb7 25. Rf3 c5 26. Qa4 Qb4 27. Qxb4 axb4 28. Rd3 c6 29. a3 c4 30. Rd4 bxa3 31. bxa3 Rb7 32. Rexe4 dxe4 33. Rxe4 Rb1+ 34. Kf2 Rb5 35. g4 c3 36. Re7 Kg8 37. Rc7 Rb2 38. Nxf6+ Kf8 39. Rxc6 Rxc2+ 40. Ke3 Rxh2 41. Rxc3 Rh3+ 42. Kd2 Rxc3 43. Kxc3 Rxa3+ 44. Kd4 Kg7 45. Ne4 Ra1 46. Ke5 Rg1 47. g5 Rg4 48. Kd5 Kf7 49. Ke5 Kg7 50. Kd5 Rg1 51. Ke6 Re1 52. Ke5 Ra1 53. Nd6 Re1+ 54. Ne4 Re3 55. Kf4 Rd3 56. Ke5 Rd7 57. Ke6 Ra7 58. Nd6 Kf8 59. Kf6 1/2-1/2

[Event "ROU-chT Women Superliga 2018"]
[Site "Sovata"]
[Date "2018.12.01"]
[Round "7"]
[White "Didiliuc, Dariana-Gabriela"]
[Black "Marin, Irina-Luiza"]
[Result "1/2-1/2"]
[ECO "A42"]
[WhiteElo "1784"]
[BlackElo "2032"]
[Annotator "NA RC"]
[PlyCount "154"]
[EventDate "2018.11.24"]
[EventType "team-tourn"]
[EventCountry "ROU"]
[SourceTitle "playchess.com"]
[Source "ChessBase"]
[SourceQuality "1"]
[TimeControl "40/5400+30:1800+30"]

1. d4 d6 2. c4 g6 3. e4 Bg7 4. Nc3 f5 5. f3 {[%emt 0:02:05] A42: Modern Defence: Averbakh Variation} (5. exf5 Bxf5 6. Nge2 Nh6 7. Ng3 O-O 8. Be2 Nc6 9. Be3 e5 10. dxe5 Nxe5 11. Qd2 Nhg4 12. Bg5 Qd7 13. O-O Be6 {0-1 (75) Gurevich,M (2641)-Banikas,H (2523) Korinthos 2002}) 5... Nh6 6. Be2 Nc6 $146 ({Predecessor:} 6... O-O 7. Be3 fxe4 8. fxe4 Nc6 9. Qd2 Ng4 10. Bxg4 Bxg4 11. h3 Bd7 12. Nf3 {0-1 (35) Mingatin,M (1962)-Sharafiev,A (2422) Kazan 2016}) 7. Be3 O-O 8. Qd2 Nf7 9. exf5 Bxf5 10. g4 Bd7 11. h4 e5 12. d5 Nd4 13. h5 Nxe2 14. Qxe2 Ng5 15. hxg6 hxg6 16. Ne4 Nxe4 17. fxe4 Rf4 18. Bxf4 exf4 19. O-O-O Qf6 20. g5 Qxg5 21. Nf3 Qf6 22. Rdg1 Re8 23. Ng5 Bf5 24. Rh2 f3 25. Qxf3 Qd4 26. Rf1 Qxc4+ 27. Rc2 Qb4 28. Kb1 Rxe4 29. Nxe4 Qxe4 30. Qxe4 Bxe4 31. Rff2 Bd4 32. Rfe2 Bxc2+ 33. Rxc2 Bb6 34. Kc1 Kg7 35. Kd1 Kf6 36. Re2 g5 37. Ke1 Kf5 38. Re7 c6 39. Rxb7 cxd5 40. b4 g4 41. a4 g3 42. Rg7 Bf2+ 43. Ke2 Ke4 44. Rg4+ Kf5 45. Kf3 d4 46. Rh4 d3 47. Rh1 Ke5 48. b5 Kd4 49. a5 Kc3 50. Rc1+ Kb4 51. b6 axb6 52. axb6 Bxb6 53. Rb1+ Kc5 54. Kxg3 Ba5 55. Kf3 Kd4 56. Ra1 Bb4 57. Rh1 Kc3 58. Rh5 Bc5 59. Rf5 Kd2 60. Rh5 Kc1 61. Rh1+ $1 Kc2 62. Ra1 Bd4 63. Rh1 (63. Ra2+ $11 Kb3 64. Rd2) 63... d5 64. Rf1 Bf6 65. Rg1 Bh4 66. Ke3 Bf6 67. Rg2+ Kc3 68. Ra2 Bg5+ 69. Kf2 Bh4+ 70. Ke3 Bg5+ 71. Kf2 Kb3 72. Ra5 Kc4 73. Ke1 Bf6 74. Kd1 Bc3 75. Ra8 d4 76. Rc8+ Kb3 77. Rb8+ Kc4 1/2-1/2

[Event "ROU-chT Women Superliga 2018"]
[Site "Sovata"]
[Date "2018.12.01"]
[Round "7"]
[White "Pelin, Ana-Maria"]
[Black "Lehaci, Miruna-Daria"]
[Result "1/2-1/2"]
[ECO "E14"]
[WhiteElo "1775"]
[BlackElo "2139"]
[Annotator "NA"]
[PlyCount "55"]
[EventDate "2018.11.24"]
[EventType "team-tourn"]
[EventCountry "ROU"]
[SourceTitle "playchess.com"]
[Source "ChessBase"]
[SourceQuality "1"]
[TimeControl "40/5400+30:1800+30"]

1. d4 Nf6 2. c4 e6 3. Nf3 b6 4. e3 Bb7 5. Nc3 Bb4 6. Bd2 O-O 7. Bd3 d5 8. cxd5 exd5 9. O-O a6 10. Rc1 Re8 11. a3 Bd6 12. Qc2 Nbd7 13. Rfd1 h6 14. Ne2 c5 15. Ng3 Rc8 16. Qb1 Ne4 17. Be1 Ndf6 18. dxc5 bxc5 19. Nf5 Bb8 20. b4 Qd7 21. Ng3 Bd6 22. bxc5 Nxc5 23. Bf5 Ne6 24. Bb4 Rb8 25. Bxd6 Qxd6 26. Qa1 a5 27. e4 Qe7 28. e5 1/2-1/2